 Dungeon Crawl Stone Soup version 0.27.1-34-g3ba077fa99 (webtiles) character file.

Game seed: 9688258898694510798

53 comborobin the Sneak (level 3, 0/28 HPs)
             Began as a Vampire Delver on Jan 8, 2022.
             Slain by a gnoll (7 damage)
             ... on level 4 of the Dungeon.
             The game lasted 00:01:25 (396 turns).

comborobin the Sneak (Vampire Delver)                Turns: 396, Time: 00:01:26

Health: 0/28       AC:  3    Str: 12    XL:     3   Next: 64%
Magic:  3/3        EV: 12    Int: 12    God:
Gold:   0          SH:  0    Dex: 15    Spells: 2/2 levels left

rFire    . . .     SeeInvis +     - Unarmed
rCold    . . .     Faith    .   (no shield)
rNeg     . . .     Spirit   .   a - +0 leather armour
rPois    .         Reflect  .   (no helmet)
rElec    .         Harm     .   (no cloak)
rCorr    .         Rampage  .   (no gloves)
Will     .....                  (no boots)
Stlth    +++.......             (no amulet)
HPRegen  0.29/turn              (no ring)
MPRegen  0.08/turn              (no ring)

@: healing quickly
A: alive, fangs 3, see invisible, vampiric 2
a: Exsanguinate


You were on level 4 of the Dungeon.
You visited 1 branch of the dungeon, and saw 3 of its levels.
You also visited: Ossuary.

Inventory:

Armour
 a - a +0 leather armour (worn)
Jewellery
 g - a ring of fire
Wands
 f - a wand of digging (2)
Scrolls
 b - a scroll of fog


   Skills:
 - Level 2.6 Fighting
 - Level 2.1 Dodging
 - Level 7.2 Stealth
 + Level 4.5 Unarmed Combat


You had 2 spell levels left.
You didn't know any spells.
Your spell library was empty.

Dungeon Overview and Level Annotations

Branches:
Dungeon (6/15)            Ossuary (visited)
 Temple: D:4-7

Altars:
Kikubaaqudgha
Uskayaw

Annotations:
D:6 Grinder


Innate Abilities, Weirdness & Mutations

Your natural rate of healing is accelerated.
You have razor-sharp teeth.
You have supernaturally acute eyesight. (SInv)
You are afflicted with vampirism and can become a bat while bloodless.


Message History

The adder bites you.
You are poisoned.
The adder poisons you!
You feel sick.
You feel sick.
You feel sick.
You hit the adder.
The adder is heavily wounded.
You feel sick.
You are no longer poisoned.
The adder bites you.
* * * LOW HITPOINT WARNING * * *
A gnoll comes into view. It is wielding a +0 whip.
The adder bites you but does no damage.
You closely miss the adder.
The gnoll shouts!
You bite the adder.
The adder is heavily wounded.
You hear a shout! x2
An adder comes into view. x2; A necrophage comes into view.
The adder bites you but does no damage.
The adder moves out of view.
The adder hisses angrily.
You hit the adder.
The adder is almost dead.
A gnoll comes into view. It is wielding a +0 flail.
The adder bites you but does no damage.
Unknown command.
You hit the adder.
You kill the adder!
A scorpion comes into view.
Unknown command.
You see here an adder corpse.
Unknown command.
You aren't carrying any potions.
Unknown command.
Okay, then.
A gnoll comes into view. It is wielding a +0 whip.
The gnoll shouts!
You hear a shout! x2
The gnoll hits you with a +0 whip!
You die...

##### #...########
#......S..g######
##g#######......####
#.@..####...##....#
####..n.#...#####.#
####g#...# #.o
#.#...# ##g #n#...#
## #g#...# # #.##..#
#S# .s#


You could see a necrophage and 2 gnolls.

Vanquished Creatures
  A hound skeleton (D:4)
  A gnoll (D:4)
  An adder (D:4)
  A howler monkey skeleton (D:5)
  2 orcs (D:4)
  A giant cockroach (D:4)
  A gnoll zombie (Ossuary)
  A hobgoblin (D:4)
  A ball python (D:4)
  A hobgoblin zombie (Ossuary)
  2 kobold zombies (Ossuary)
  An orc zombie (Ossuary)
14 creatures vanquished.

Notes
Turn   | Place    | Note
-------+----------+-------------------------------------------
     0 | D:5      | comborobin the Vampire Delver began the quest for the Orb.
     0 | D:5      | Reached XP level 1. HP: 17/17 MP: 1/1
    42 | D:6      | Found an ancient bone altar of Kikubaaqudgha.
    43 | D:6      | Noticed Grinder
    44 | D:6      | Found a hide-covered altar of Uskayaw.
    61 | D:6      | Noticed an orc priest
    61 | D:6      | Noticed an orc priest
    76 | D:5      | Noticed a phantom
    98 | D:5      | Reached XP level 2. HP: 19/23 MP: 2/2
   176 | D:4      | Gained mutation: You are afflicted with vampirism and can
                  | become a bat while bloodless. [Vampire growth]
   176 | D:4      | Reached XP level 3. HP: 10/28 MP: 3/3
   180 | D:4      | Found a sand-covered staircase.
   187 | Ossuary  | Entered an ossuary
   385 | D:4      | Noticed a necrophage
   387 | D:4      | Noticed a scorpion
   396 | D:4      | Slain by a gnoll

Illustrated notes

Levels and vault maps discovered:
D:4:      layout_rooms, nicolae_ossuary_entry_ruins, uniq_eustachio
D:5:      layout_basic
D:6:      layout_loops_ring, trog_butcher_becter,
          nicolae_overflow_hidden_temple, minmay_manual_monstrance, uniq_grinder

Skill      XL: |  1  2 |
---------------+-------+-----
Unarmed Combat | 3 4 |  4.5
Fighting       | |  2.6
Dodging        | |  2.1
Stealth        | |  7.2

Action                   || total
-------------------------++-------
Melee: Unarmed           ||    55
       Bite              ||     7
       Punch             ||     1
Evoke: Wand              ||     1
  Use: Scroll            ||     2
       Potion            ||     1
 Stab: Sleeping          ||     2
       Distracted        ||     1
Armor: Leather armour    ||    12
Dodge: Dodged            ||    28
